AoeStats
← ManU

Hideout

503693479Analyzed
4v4 RM · 29d ago on Sep 1, 2026· 61m 17s· 8 players
Game mode
Random Map
Map size
Large (8 player)
Population
200
Speed
Normal
Resources
Standard
Victory
Conquest
Starting age
Dark Age
Ending age
Imperial Age
RankedLock teamsTeams togetherTeam positionsShared explorationLock speedFull tech treeHidden civsTurbo modeCheats
Victory
Defeat
🇨🇦 Italians · Canada
1003
+14
🇩🇪 Burgundians · Germany
984
+32
🇺🇸 Wei · United States
949
+16
🇦🇷 Goths · Argentina
935
+17
🇪🇸 Celts · Spain
1022
-19
🇮🇱 Berbers · Israel
1003
-18
🇨🇿 Koreans · Czechia
889
-12
🇩🇪 Tatars · Germany
883
-12
Surfer's Gambit
0:27 Loom
11:25 Feudal Age
11:51 Double-Bit Axe
13:25 Horse Collar
14:50 Gold Mining
14:53 Stone Mining
14:59 Stone Mining
17:13 Wheelbarrow
16:23 Town Watch
20:38 Castle Age
20:10 Fletching
20:20 Padded Archer Armor
21:33 Bow Saw
22:08 Gold Shaft Mining
22:11 Stone Shaft Mining
21:38 Heavy Plow
23:46 Pikeman
24:26 Squires
24:29 Bodkin Arrow
24:49 Leather Archer Armor
26:26 Bloodlines
26:18 Husbandry
28:06 Hand Cart
29:29 Thumb Ring
29:04 Light Cavalry
31:17 Forging
31:12 Scale Barding Armor
32:45 Tuntian
35:24 Imperial Age
32:59 Town Patrol
36:47 Crop Rotation
37:18 Chemistry
36:41 Ballistics
37:22 Chemistry
37:46 Hussar
38:43 Bracer
39:14 Ring Archer Armor
39:23 Parthian Tactics
44:25 Fortified Wall
43:57 Treadmill Crane
46:30 Iron Casting
46:16 Chain Barding Armor
49:17 Ming Guang Armor
49:12 Conscription
51:05 Blast Furnace
51:42 Masonry
54:07 Hoardings
57:14 Spies/Treason
Jinxed
8:05 Loom
10:03 Feudal Age
11:56 Double-Bit Axe
11:54 Horse Collar
12:52 Fletching
13:03 Padded Archer Armor
23:04 Castle Age
24:16 Bow Saw
24:09 Heavy Plow
24:01 Gold Mining
24:51 Wheelbarrow
23:42 Crossbowman
24:39 Thumb Ring
25:36 Stone Mining
27:29 Bodkin Arrow
28:01 Hand Cart
29:09 Pikeman
31:46 Town Watch
32:20 Leather Archer Armor
32:17 Forging
32:25 Squires
33:16 Stone Shaft Mining
33:15 Scale Mail Armor
37:08 Iron Casting
36:48 Chain Mail Armor
39:06 Ballistics
41:45 Imperial Age
39:56 Town Patrol
40:11 Masonry
40:24 Devotion
42:56 Conscription
41:58 Elite Genoese Crossbowman
43:39 Hoardings
43:12 Bracer
43:42 Ring Archer Armor
44:13 Blast Furnace
43:43 Plate Mail Armor
42:48 Capped Ram
42:54 Arbalester
47:35 Chemistry
47:06 Architecture
46:34 Murder Holes
46:22 Treadmill Crane
53:16 Fortified Wall
52:58 Guard Tower
53:29 Bombard Tower
53:02 Heated Shot
52:58 Arrowslits
53:50 Faith
57:03 Keep
56:33 Spies/Treason
ManU
7:07 Wheelbarrow
12:21 Feudal Age
11:14 Double-Bit Axe
11:44 Horse Collar
13:13 Bow Saw
13:11 Heavy Plow
17:03 Hand Cart
22:03 Gold Mining
22:07 Stone Mining
26:16 Castle Age
26:57 Scale Barding Armor
26:53 Scale Mail Armor
27:03 Forging
26:55 Padded Archer Armor
26:45 Fletching
27:20 Elite Skirmisher
34:28 Chain Barding Armor
34:23 Chain Mail Armor
37:51 Burgundian Vineyards
39:22 Caravan
39:41 Leather Archer Armor
42:23 Crop Rotation
42:57 Two-Man Saw
44:30 Iron Casting
45:53 Gold Shaft Mining
45:54 Stone Shaft Mining
52:26 Bodkin Arrow
55:04 Imperial Age
55:31 Elite Coustillier
56:33 Conscription
59:56 Plate Mail Armor
59:53 Spies/Treason
RODRIGOL
11:10 Feudal Age
11:29 Loom
11:31 Horse Collar
11:48 Double-Bit Axe
21:18 Castle Age
19:33 Stone Mining
22:11 Bow Saw
22:03 Heavy Plow
23:28 Wheelbarrow
24:26 Hand Cart
25:28 Gold Mining
28:54 Forging
28:44 Scale Mail Armor
35:44 Imperial Age
33:57 Iron Casting
33:22 Scale Mail Armor
35:07 Anarchy
34:31 Pikeman
35:11 Squires
36:57 Crop Rotation
37:29 Blast Furnace
36:45 Chain Mail Armor
37:33 Two-Man Saw
36:37 Perfusion
36:57 Conscription
36:02 Halberdier
37:57 Elite Huskarl
56:54 Spies/Treason
Pr8feSS8r
Spitfire
7:49 Loom
10:14 Feudal Age
10:53 Double-Bit Axe
12:07 Horse Collar
19:53 Castle Age
19:33 Bloodlines
19:30 Scale Barding Armor
19:20 Gold Mining
21:03 Bow Saw
23:45 Forging
25:48 Gold Shaft Mining
26:32 Chain Barding Armor
29:53 Iron Casting
30:34 Wheelbarrow
32:07 Hand Cart
35:11 Imperial Age
36:20 Cavalier
37:16 Husbandry
37:29 Heavy Plow
39:18 Chemistry
40:40 Padded Archer Armor
42:22 Fortified Wall
42:24 Masonry
44:12 Light Cavalry
45:48 Conscription
47:22 Hoardings
46:48 Fletching
47:21 Leather Archer Armor
48:12 Siege Engineers
51:21 Ring Archer Armor
Lorkan
0:33 Loom
12:08 Feudal Age
17:22 Castle Age
26:15 Bloodlines
33:36 Imperial Age
32:52 Padded Archer Armor
32:42 Fletching
33:56 Elite Genitour
34:01 Heavy Cavalry Archer
40:34 Chemistry
39:56 Ballistics
41:41 Leather Archer Armor
41:22 Bodkin Arrow
42:30 Silk Armor
47:34 Light Cavalry
49:13 Hussar
50:30 Scale Barding Armor
50:35 Forging
Frujt
5:52 Loom
11:08 Feudal Age
18:14 Castle Age
17:21 Double-Bit Axe
17:57 Horse Collar
20:08 Town Watch
21:33 Wheelbarrow
23:45 Gold Mining
23:49 Stone Mining
24:53 Town Patrol
28:58 Heavy Plow
29:11 Bow Saw
29:59 Fortified Wall
32:04 Hand Cart
33:35 Gold Mining
35:15 Gold Shaft Mining
37:59 Imperial Age
35:37 Squires
35:22 Arson
35:50 Forging
36:14 Pikeman
36:39 Gambesons
39:48 Chemistry
39:09 Ballistics
38:45 Murder Holes
39:31 Conscription
39:36 Fletching
40:22 Iron Casting
39:58 Halberdier
40:42 Scale Mail Armor
41:32 Heavy Rocket Cart
42:35 Chain Mail Armor
44:38 Bodkin Arrow
45:23 Plate Mail Armor
46:25 Scale Barding Armor
48:34 Two-Man Saw
48:13 Stone Shaft Mining
Connection lost

Rejoining the realm…

Still unreachable

The connection could not be restored.

Session expired

The server has moved on; the page needs a fresh start.